 Dungeon Crawl Stone Soup version 0.25.1-2-g60ff931df9 (webtiles) character file.

Game seed: 62808926473598030

463 OdinFK the Skirmisher (level 7, -1/63 HPs)
             Began as a Hill Orc Fighter on Oct 7, 2020.
             Splashed by Ijyb's acid (15 damage)
             ... on level 4 of the Dungeon.
             The game lasted 00:17:20 (4601 turns).

OdinFK the Skirmisher (Hill Orc Fighter)            Turns: 4601, Time: 00:17:21

Health: -1/63      AC:  3    Str: 21    XL:     7   Next: 7%
Magic:  7/7        EV:  9    Int:  8    God:
Gold:   159        SH:  5    Dex: 10    Spells: 6/6 levels left

rFire    . . .     SeeInvis .   I - +1 hand axe (distort)
rCold    . . .     Gourm    .   g - +0 buckler
rNeg     . . .     Faith    .   b - +0 scale mail
rPois    +         Spirit   .   C - +0 helmet
rElec    .         Reflect  .   G - +1 cloak
rCorr    .         Harm     .   x - +0 pair of gloves
MR       .....                  (no boots)
Stlth    ..........             (no amulet)
HPRegen  0.20/turn              d - ring of poison resistance
MPRegen  0.10/turn              (no ring)

@: corroded
A: no striking features
a: no special abilities


You were on level 4 of the Dungeon.
You were not hungry.

You visited 1 branch of the dungeon, and saw 4 of its levels.
You also visited: Sewer.

You collected 159 gold pieces.

Inventory:

Hand Weapons
 a - a +0 trident
 q - a +2 short sword of speed
 A - a +0 halberd
 I - a +1 hand axe of distortion (weapon)
Missiles
 s - 10 poisoned darts (quivered)
 z - a throwing net
 F - 6 javelins
Armour
 b - a +0 scale mail (worn)
 c - a +0 kite shield
 g - a +0 buckler (worn)
 h - a +0 chain mail
 x - a +0 pair of gloves (worn)
 C - a +0 helmet (worn)
 G - a +1 cloak (worn)
Jewellery
 d - a ring of poison resistance (left hand)
 j - a cursed ring of attention {unknown}
Scrolls
 n - a scroll of blinking {unknown}
 o - a scroll of fear {unknown}
 w - 2 scrolls of amnesia {unknown}
 y - 5 scrolls of remove curse {unknown}
 B - 2 scrolls of noise {unknown}
 E - a scroll of teleportation {unknown}
Potions
 e - a potion of mutation {unknown}
 i - 2 potions of stabbing {unknown}
 l - a potion of cancellation {unknown}
 m - 4 potions of might
 p - 5 potions of curing {unknown}
 r - a potion of haste {unknown}
 t - 3 potions of brilliance {unknown}
 u - 2 potions of flight {unknown}
 v - 2 potions of heal wounds {unknown}
 D - a potion of invisibility {unknown}
Comestibles
 f - 4 rations


   Skills:
 + Level 6.1 Fighting
 - Level 1.0 Short Blades
 + Level 0.0(1.5) Axes
 - Level 2.1 Polearms
 - Level 2.0 Throwing
 + Level 4.1 Armour
 - Level 6.0 Shields


You had 6 spell levels left.
You didn't know any spells.
Your spell library contained the following spells:

 Spells                   Type           Power        Failure   Level  Hunger
 Summon Small Mammal      Summ           #...         75%         1    ##.....
 Call Imp                 Summ           #.......     86%         2    ###....
 Call Canine Familiar     Summ           #.......     98%         3    ####...
 Summon Guardian Golem    Hex/Summ       #.......     98%         3    ####...
 Summon Ice Beast         Ice/Summ       #.......     100%        4    #####..
 Summon Lightning Spire   Summ/Air       #.......     100%        4    #####..


Dungeon Overview and Level Annotations

Branches:
Dungeon (4/15)              Sewer (visited)
 Temple: D:4-7

Altars:
Nemelex Xobeh
Uskayaw
Zin

Annotations:
D:3 Grinder
D:4 Ijyb


Message History

Ijyb grins evilly.
Throwing (i - inventory. (/) - cycle)
s - 11 poisoned darts (quivered)
Press: ? - help, Shift-Dir - straight line, f/p - Ijyb
Aim: Ijyb, wearing a +0 leather armour and carrying a wand of acid (7) (almost dead)
You throw a poisoned dart. The poisoned dart closely misses Ijyb.
Ijyb zaps a wand.
The bolt of acid misses you.
You closely miss Ijyb.
Ijyb is almost dead.
Ijyb hits you but does no damage.
You barely miss Ijyb.
Ijyb is almost dead.
Ijyb hits you.
Ijyb screams, "It's all mine!"
Ijyb hits you but does no damage.
You hit Ijyb but do no damage.
Space bends around Ijyb.
Ijyb is almost dead.
Ijyb zaps a wand.
The bolt of acid hits you.
* * * LOW HITPOINT WARNING * * *
The acid corrodes you!
You are splashed with acid!
You die...

#......#....#
#...######...####
#......######
#.......#######..
#######.....#
######..##...##..
#....+.....#
#....#..##...#...
#....#.....#
#....#..##...#...
#....#.....#
#....'.......####
#.....######
#....#.......#..^
######.#
######....#..######...
#......#
#....@....####........
#......#
#.....g...............
#......#
#.....................
#......#
#.......((............
#......#
#.....................
#......#
#####.....(###########
#......# #......#
#......# #......#
#.)....# #......#


You could see Ijyb.

Vanquished Creatures
  An ogre (D:4)
  A bullfrog (D:4)
  A scorpion (D:4)
  Robin (D:4)
  5 gnolls (D:3)
  6 river rats (Sewer)
  4 adders
  2 worms
  2 dart slugs (D:3)
  2 leopard geckos
  A giant cockroach (D:4)
  18 goblins
  3 hobgoblins
  11 jackals
  A quokka (D:2)
  7 ball pythons
  10 bats
  6 frilled lizards
  21 kobolds
  26 rats
129 creatures vanquished.

Notes
Turn   | Place    | Note
-------+----------+-------------------------------------------
     0 | D:1      | OdinFK the Hill Orc Fighter began the quest for the Orb.
     0 | D:1      | Reached XP level 1. HP: 19/19 MP: 1/1
   184 | D:1      | Reached XP level 2. HP: 27/27 MP: 2/2
   888 | D:2      | Reached XP level 3. HP: 24/33 MP: 3/3
  1283 | D:2      | Reached skill level 1 in Throwing
  1661 | D:3      | Found a glowing drain.
  1664 | D:3      | Reached XP level 4. HP: 29/40 MP: 4/4
  1742 | Sewer    | Entered a sewer
  2011 | Sewer    | Reached skill level 1 in Short Blades
  2205 | Sewer    | Reached XP level 5. HP: 43/46 MP: 5/5
  2850 | D:3      | Found a glowing silver altar of Zin.
  2858 | D:3      | Found a sparkling altar of Nemelex Xobeh.
  2862 | D:3      | Found a hide-covered altar of Uskayaw.
  3231 | D:3      | Reached skill level 5 in Fighting
  3575 | D:3      | Reached XP level 6. HP: 45/56 MP: 6/6
  3677 | D:3      | Reached skill level 5 in Shields
  3738 | D:3      | Noticed Grinder
  3739 | D:3      | Paralysed by Grinder for 3 turns
  4079 | D:4      | Noticed Robin
  4116 | D:4      | Killed Robin
  4188 | D:4      | Reached XP level 7. HP: 63/63 MP: 7/7
  4586 | D:4      | Noticed Ijyb
  4601 | D:4      | Splashed by Ijyb's acid

Illustrated notes

Levels and vault maps discovered:
D:1:      minmay_arrival_loop, layout_loops_cross, nrook_mini_vaults
D:2:      layout_basic
D:3:      layout_loops_ring, minmay_overflow_temple_star_quad,
          portal_sewer_entry_a, uniq_grinder
D:4:      layout_gridville, uniq_ijyb, uniq_robin

Skill      XL: |  1  2  3  4  5  6 |
---------------+-------------------+-----
Fighting       | 4 5 6 |  6.1
Throwing       | 1 2 |  2.0
Shields        | 4 6 |  6.0
Armour         | 4 |  4.1
Short Blades   | 1 |  1.0
Polearms       | |  2.1

Action                   |  1- 3 |  4- 6 |  7- 9 || total
-------------------------+-------+-------+-------++-------
Melee: Trident           |   144 |     9 |       ||   153
       Short sword       |     7 |   295 |     4 ||   306
       Hand axe          |       |       |     7 ||     7
Throw: Dart              |       |     9 |     3 ||    12
       Boomerang         |       |       |     2 ||     2
  Eat: Chunk             |     2 |     9 |     1 ||    12
Armor: Scale mail        |    54 |    90 |     5 ||   149
Dodge: Dodged            |    66 |   101 |     4 ||   171
Block: Kite shield       |    10 |       |       ||    10
       Buckler           |    31 |    45 |     1 ||    77
